AoeStats
← BottleDry

Arena

506445099Analyzed
4v4 RM · 19d ago on Sep 13, 2026· 38m 3s· 8 players
Game mode
Random Map
Map size
Large (8 player)
Population
200
Speed
Normal
Resources
Standard
Victory
Conquest
Starting age
Dark Age
Ending age
Imperial Age
RankedLock teamsTeams togetherTeam positionsShared explorationLock speedFull tech treeHidden civsTurbo modeCheats
Victory
Defeat
🇺🇸 Aztecs · United States
1025
+13
🇭🇰 Malay · Hong Kong SAR China
1000
+42
🇹🇼 Khmer · Taiwan
958
+16
🇹🇼 Byzantines · Taiwan
906
+19
🇪🇸 Goths · Spain
969
-15
🇫🇷 Franks · France
966
-16
🇦🇱 Poles · Albania
964
-16
🇺🇸 Spanish · United States
940
-15
LEG_VII_GEM
0:47 Loom
10:40 Feudal Age
11:21 Double-Bit Axe
11:28 Horse Collar
18:48 Castle Age
17:19 Scale Mail Armor
19:17 Forging
20:13 Bow Saw
21:00 Heavy Plow
20:59 Gold Mining
21:44 Pikeman
BottleDry
6:41 Loom
11:05 Feudal Age
12:38 Loom
15:13 Castle Age
14:16 Double-Bit Axe
15:00 Horse Collar
20:52 Wheelbarrow
25:37 Heavy Plow
30:37 Imperial Age
28:45 Bow Saw
28:56 Padded Archer Armor
28:46 Fletching
30:07 Thumb Ring
30:13 Bodkin Arrow
30:33 Leather Archer Armor
31:21 Bracer
31:46 Conscription
32:55 Ring Archer Armor
34:47 Supremacy
34:01 Elite Conquistador
34:23 Capped Ram
35:15 Husbandry
35:35 Bloodlines
36:22 Gold Mining
Socrate78
11:01 Feudal Age
12:52 Wheelbarrow
12:06 Double-Bit Axe
12:14 Gold Mining
17:55 Castle Age
16:47 Stone Mining
19:38 Husbandry
20:16 Gold Shaft Mining
21:40 Masonry
23:06 Fletching
26:41 Hand Cart
34:22 Forging
Lili
0:28 Loom
12:22 Feudal Age
14:37 Double-Bit Axe
14:43 Horse Collar
18:20 Castle Age
16:35 Stone Mining
17:23 Gold Mining
18:11 Wheelbarrow
17:22 Town Watch
19:16 Bow Saw
19:13 Heavy Plow
32:30 Imperial Age
30:31 Scale Barding Armor
30:26 Scale Mail Armor
30:36 Forging
30:17 Fletching
31:08 Ballistics
31:02 Husbandry
30:23 Light Cavalry
31:13 Bloodlines
30:26 Pikeman
30:52 Arson
31:07 Squires
31:30 Masonry
31:15 Murder Holes
31:31 Fortified Wall
31:33 Clinker Construction
31:34 Careening
31:54 Chain Barding Armor
31:34 Padded Archer Armor
32:51 Chain Mail Armor
33:46 Iron Casting
33:36 Conscription
32:38 Cavalier
34:37 Chemistry
33:37 Bodkin Arrow
33:41 Winged Hussar
Lazerkats
11:56 Feudal Age
15:29 Castle Age
13:56 Double-Bit Axe
15:57 Forging
16:01 Loom
16:55 Horse Collar
20:59 Wheelbarrow
20:38 Bow Saw
20:29 Heavy Plow
25:57 Devotion
26:19 Sanctity
27:49 Fervor
30:25 Imperial Age
27:29 Eagle Warrior
29:33 Hand Cart
29:19 Arson
30:35 Redemption
30:39 Scale Mail Armor
31:31 Block Printing
31:51 Theocracy
31:47 Illumination
32:37 Chain Mail Armor
32:57 Iron Casting
33:53 Crop Rotation
34:05 Iron Casting
34:07 Devotion
34:23 Fletching
34:34 Padded Archer Armor
35:14 Siege Engineers
35:49 Conscription
36:18 Garland Wars
35:54 Stone Mining
35:55 Gold Mining
36:45 Fortified Wall
36:47 Elite Eagle Warrior
适才相戏耳
10:35 Feudal Age
10:13 Double-Bit Axe
10:09 Horse Collar
17:12 Castle Age
15:35 Gold Mining
17:13 Bow Saw
17:34 Loom
19:09 Wheelbarrow
24:17 Town Watch
29:43 Imperial Age
27:27 Squires
28:01 Forging
28:03 Heavy Plow
28:16 Pikeman
29:31 Halberdier
31:48 Gold Shaft Mining
31:05 Stone Mining
32:24 Iron Casting
32:51 Conscription
34:33 Crop Rotation
34:02 Man-at-Arms
35:46 Blast Furnace
34:40 Long Swordsman
35:07 Arson
36:06 Forced Levy
36:23 Hand Cart
36:37 Town Patrol
36:08 Two-Handed Swordsman
噴射大肉G
10:31 Feudal Age
11:03 Double-Bit Axe
15:46 Castle Age
14:32 Horse Collar
21:22 Wheelbarrow
22:28 Heavy Plow
25:53 Hand Cart
28:30 Imperial Age
26:02 Gold Mining
25:39 Man-at-Arms
26:05 Gambesons
26:23 Squires
26:08 Arson
27:24 Gold Shaft Mining
27:07 Bow Saw
27:25 Treadmill Crane
28:22 Forging
28:13 Scale Mail Armor
30:06 Crop Rotation
30:13 Iron Casting
29:39 Stone Mining
30:31 Chain Mail Armor
29:38 Long Swordsman
29:47 Capped Ram
30:40 Two-Handed Swordsman
31:42 Conscription
31:46 Champion
34:22 Two-Man Saw
35:36 Plate Mail Armor
34:57 Fletching
35:08 Padded Archer Armor
34:51 Elite Skirmisher
36:35 Chemistry
36:23 Siege Ram
36:33 Pikeman
shutianchen
10:37 Feudal Age
14:16 Castle Age
12:41 Horse Collar
12:48 Double-Bit Axe
13:43 Stone Mining
14:26 Gold Mining
18:16 Bow Saw
18:08 Heavy Plow
23:58 Wheelbarrow
25:33 Stone Shaft Mining
25:34 Gold Shaft Mining
28:04 Imperial Age
27:07 Husbandry
27:20 Bloodlines
27:43 Hand Cart
28:44 Ballistics
29:15 Crop Rotation
28:54 Double Crossbow
30:00 Chemistry
31:01 Scale Barding Armor
32:56 Siege Engineers
33:48 Chain Barding Armor
35:48 Plate Barding Armor
36:00 Elite Ballista Elephant
37:09 Elite Ballista Elephant
Connection lost

Rejoining the realm…

Still unreachable

The connection could not be restored.

Session expired

The server has moved on; the page needs a fresh start.